 Dungeon Crawl Stone Soup version 0.31-a0-229-g1fc7ce93e2 (webtiles) character file.

Game seed: 7925621551216451739

1100 qw the Skirmisher (level 8, -2/48 HPs)
             Began as a Gargoyle Hexslinger on July 6, 2023.
             Slain by a wight
             ... wielding a +4 trident
              (4 damage)
             ... on level 5 of the Dungeon.
             The game lasted 00:01:25 (2458 turns).

qw the Skirmisher (Gargoyle Hexslinger)             Turns: 2458, Time: 00:01:25

Health: -2/48      AC: 19    Str: 20    XL:     8   Next: 32%
Magic:  9/9        EV: 12    Int: 14    God:
Gold:   155        SH:  0    Dex: 17    Spells: 8/9 levels left

rFire   . . .        Y - +2 sling
rCold   + . .        (no shield)
rNeg    + . .        e - +0 ring mail
rPois   inf          (no helmet)
rElec   +            c - +2 cloak of the Clam {Drain +Inv Str+8 Dex+3}
rCorr   +            b - +0 pair of gloves
SInv    .            a - +3 pair of mountain boots {steadfast, rC+}
Will    .....        (no amulet)
Stlth   +            o - ring of resist corrosion
HPRegen 0.28/turn    (no ring)
MPRegen 0.11/turn

%: no passive effects
@: about to teleport
A: sickness immunity, AC +5, negative energy resistance 1, electricity
resistance, torment resistance 1, petrification resistance
a: Evoke Invisibility


You were on level 5 of the Dungeon.
You visited 1 branch of the dungeon, and saw 5 of its levels.

You collected 155 gold pieces.


Innate Abilities, Weirdness & Mutations

You are immune to sickness and miasma.
Your stone body is resilient. (AC +5)
You are immune to poison.
You resist negative energy. (rN+)
You are resistant to electric shocks. (rElec)
You are resistant to unholy torment.
You are immune to petrification.


   Skills:
 + Level 4.5 Fighting
 - Level 8.2 Ranged Weapons
 - Level 2.0 Armour
 - Level 2.4 Dodging
 - Level 1.0 Spellcasting
 - Level 2.6 Hexes


You had 8 spell levels left.
You knew the following spells:

 Your Spells              Type           Power      Damage    Failure   Level
a - Slow                  Hex            32%        N/A       14%         1

Your spell library contained the following spells:

 Spells                   Type           Power      Damage    Failure   Level
 Inner Flame              Hex/Fire       4%         N/A       58%         3
 Portal Projectile        Hex/Tloc       8%         N/A       58%         3
 Cause Fear               Hex            4%         N/A       82%         4

Inventory:

Hand Weapons
 Y - a +2 sling (weapon)
Armour
 a - the +3 pair of mountain boots (worn) {steadfast, rC+}
   (You acquired it on level 1 of the Dungeon)

   Steadfast: It prevents involuntary movement, except for blinking,
   teleportation, or banishment.
   rC:        It protects you from cold.
 b - a +0 pair of gloves (worn)
 c - the +2 cloak of the Clam (worn) {Drain +Inv Str+8 Dex+3}
   (You acquired it on level 2 of the Dungeon)

   Str:       It affects your strength (+8).
   Dex:       It affects your dexterity (+3).
   +Inv:      It lets you turn invisible.
   Drain:     It drains your maximum health when unequipped.
 e - a +0 ring mail (worn)
Jewellery
 o - a ring of resist corrosion (left hand)
Scrolls
 g - a scroll of teleportation
 h - a scroll of identify
Potions
 d - 3 potions of curing
 f - a potion of magic {unknown}
 i - 2 potions of enlightenment
 j - a potion of resistance {unknown}
 k - a potion of ambrosia {unknown}
 l - a potion of degeneration {unknown}
 m - a potion of cancellation {unknown}
 n - a potion of heal wounds {unknown}

Dungeon Overview and Level Annotations

Branches:
Dungeon (5/15)
 Temple: D:4-7

Altars:
Fedhas
Hepliaklqana
Makhleb
Ru
Sif Muna
Vehumet


Message History

The ogre is almost dead.
The wight hits you from afar with a +4 trident.
The ogre barely misses you.
You shoot a sling bullet. The sling bullet hits the ogre.
The ogre is almost dead.
The wight closely misses you.
You shoot a sling bullet. The sling bullet hits the ogre!
You kill the ogre!
The wight hits you from afar with a +4 trident.
Your Ranged Weapons skill increases to level 8!
You shoot a sling bullet. The sling bullet hits the wight.
The wight is lightly damaged.
The wight closely misses you.
You shoot a sling bullet.
The sling bullet barely misses the wight.
The wight closely misses you.
You shoot a sling bullet. The sling bullet hits the wight!
The wight is heavily damaged.
The wight hits you from afar with a +4 trident.
You shoot a sling bullet. The sling bullet hits the wight.
The wight is severely damaged.
The wight barely misses you.
You shoot a sling bullet.
The sling bullet barely misses the wight.
The wight hits you from afar with a +4 trident!
2455 ||| READING 2 scrolls of teleportation.
As you read the scroll of teleportation, it crumbles to dust.
You feel strangely unstable.
The wight hits you from afar with a +4 trident!
You shoot a sling bullet.
The sling bullet hits the wight but does no damage.
The wight is severely damaged.
The wight hits you from afar with a +4 trident.
You shoot a sling bullet. The sling bullet hits the wight.
The wight is almost destroyed.
The wight closely misses you.
You shoot a sling bullet.
The sling bullet closely misses the wight.
The wight hits you from afar with a +4 trident.
You die...

#...## .....
..... .....
.. #...# #...
#.#.##..... .
#.#).z.....
.<..###.#@#
.......<..#
...........#
........#..#
#..###.......
#. #.###.###
# #. .. ..
### ...


You could see a wight.

Vanquished Creatures
  Grinder (D:2)
  Sigmund (D:3)
  A water moccasin (D:4)
  An ogre (D:5)
  A scorpion (D:4)
  3 wights (D:4)
  A crimson imp (D:3)
  An orc priest (D:3)
  A jelly (D:4)
  Jessica (D:3)
  3 iguanas (D:4)
  Terence (D:3)
  4 adders
  3 dart slugs
  4 orcs (D:3)
  5 ball pythons
  9 endoplasms
  8 goblins
  10 hobgoblins
  4 jackals (D:4)
  7 quokkas
  3 bats
  A frilled lizard (D:1)
  2 kobolds
  7 rats
83 creatures vanquished.

Notes
Turn   | Place    | Note
-------+----------+-------------------------------------------
     0 | D:1      | qw the Gargoyle Hexslinger began the quest for the Orb.
     0 | D:1      | Reached XP level 1. HP: 12/12 MP: 2/2
     0 | D:1      | 0 ||| qw: Version: 0.3-a-46-gb1f654a
     0 | D:1      | 0 ||| qw: Game counter: 1288
     0 | D:1      | 0 ||| qw: Melee chars always use a shield: true
     0 | D:1      | 0 ||| qw: God list: Okawaru
     0 | D:1      | 0 ||| qw: Allow faded altars: false
     0 | D:1      | 0 ||| qw: Do Orc after clearing Dungeon:15 true
     0 | D:1      | 0 ||| qw: Do second Lair branch before Depths: true
     0 | D:1      | 0 ||| qw: Lair rune preference: random
     0 | D:1      | 0 ||| qw: Goals: Normal
     0 | D:1      | 0 ||| PLANNING D:1-11
    50 | D:1      | 50 ||| DROPPING scroll of poison.
    69 | D:1      | Reached XP level 2. HP: 16/16 MP: 3/3
   252 | D:1      | Reached skill level 3 in Ranged Weapons
   273 | D:1      | Found a faded altar of an unknown god.
   426 | D:1      | Reached XP level 3. HP: 21/21 MP: 4/4
   430 | D:1      | 430 ||| UPGRADING to +0 pair of gloves.
   435 | D:1      | 435 ||| READING scroll labelled XIFFOTH GELU.
   438 | D:1      | 438 ||| READING scroll labelled ONGOR CUDAEFANOP.
   438 | D:1      | Identified a scroll of acquirement
   438 | D:1      | 438 ||| ACQUIRING +3 pair of mountain boots {steadfast,
                  | rC+}
   438 | D:1      | Acquired the +3 pair of mountain boots {steadfast, rC+}
   438 | D:1      | Found the +3 pair of mountain boots {steadfast, rC+}
   440 | D:1      | 440 ||| UPGRADING to +3 pair of mountain boots {steadfast,
                  | rC+}.
   727 | D:2      | 727 ||| READING scroll of acquirement.
   727 | D:2      | 727 ||| ACQUIRING +2 cloak of the Clam {Drain +Inv Str+8
                  | Dex+3}
   727 | D:2      | Acquired the +2 cloak of the Clam {Drain +Inv Str+8 Dex+3}
   728 | D:2      | 728 ||| UPGRADING to +0 ring mail.
   738 | D:2      | 738 ||| DROPPING +0 robe.
   740 | D:2      | 740 ||| UPGRADING to +2 cloak of the Clam {Drain +Inv Str+8
                  | Dex+3}.
   884 | D:2      | 884 ||| READING scroll labelled TANTUI ROFRUE.
   885 | D:2      | 885 ||| READING scroll labelled ZISOJEAM NUNOTT.
   886 | D:2      | 886 ||| READING 2 scrolls labelled UGROEM DEFFO.
   887 | D:2      | 887 ||| DRINKING 2 emerald potions.
   888 | D:2      | 888 ||| DROPPING scroll of immolation.
   924 | D:3      | Noticed Terence
   935 | D:3      | Killed Terence
   936 | D:3      | Reached XP level 4. HP: 24/26 MP: 5/5
   948 | D:3      | Noticed Grinder
   954 | D:3      | Paralysed by Grinder for 5 turns
   965 | D:3      | 965 ||| FLEEEEING.
   969 | D:3      | 969 ||| STAIRDANCE
  1007 | D:3      | Paralysed by Grinder for 4 turns
  1013 | D:3      | Paralysed by Grinder for 4 turns
  1018 | D:3      | 1018 ||| FLEEEEING.
  1019 | D:3      | 1019 ||| FLEEEEING.
  1020 | D:3      | 1020 ||| FLEEEEING.
  1021 | D:3      | 1021 ||| STAIRDANCE
  1040 | D:3      | Paralysed by Grinder for 4 turns
  1040 | D:3      | Noticed Jessica
  1044 | D:3      | 1044 ||| STAIRDANCE
  1047 | D:2      | Killed Grinder
  1048 | D:2      | Reached skill level 5 in Ranged Weapons
  1048 | D:2      | Reached XP level 5. HP: 27/30 MP: 6/6
  1048 | D:2      | Reached XP level 6. HP: 31/35 MP: 7/7
  1069 | D:2      | 1069 ||| DRINKING 3 lumpy red potions.
  1077 | D:3      | Killed Jessica
  1100 | D:3      | Found a sacrificial altar of Ru.
  1222 | D:3      | Noticed Sigmund
  1249 | D:3      | Killed Sigmund
  1250 | D:3      | Reached XP level 7. HP: 29/44 MP: 8/8
  1359 | D:3      | Found a blossoming altar of Fedhas.
  1433 | D:3      | Found a hazy altar of Hepliaklqana.
  1476 | D:3      | Reached skill level 6 in Ranged Weapons
  1520 | D:3      | Found a shimmering blue altar of Sif Muna.
  1577 | D:3      | Found a radiant altar of Vehumet.
  1577 | D:3      | Found a burning altar of Makhleb.
  1628 | D:3      | 1628 ||| UPGRADING to ring of resist corrosion.
  1629 | D:3      | 1629 ||| READING scroll labelled IFRAJE PETILA.
  1630 | D:3      | 1630 ||| READING scroll labelled OLUV UMITZILLI.
  1880 | D:4      | Reached skill level 7 in Ranged Weapons
  2260 | D:5      | Entered Level 5 of the Dungeon
  2263 | D:5      | 2263 ||| STAIRDANCE
  2282 | D:4      | Reached XP level 8. HP: 45/48 MP: 9/9
  2305 | D:5      | 2305 ||| STAIRDANCE
  2450 | D:5      | Reached skill level 8 in Ranged Weapons
  2454 | D:5      | HP: 12/48 [wight/+4 trident (12)]
  2455 | D:5      | 2455 ||| READING 2 scrolls of teleportation.
  2455 | D:5      | HP: 3/48 [wight/+4 trident (9)]
  2456 | D:5      | HP: 1/48 [wight/+4 trident (2)]
  2458 | D:5      | Slain by a wight

Levels and vault maps discovered:
D:1:      pf_arrival_petrified_forest, layout_rooms,
          dreamdust_ecumenical_altar_angels_and_demons, grunt_decor_one_mirror
D:2:      layout_rooms, kennysheep_cross_bottleneck
D:3:      layout_basic, grunt_temple_overflow_lords_of_destruction,
          fedhas_ov_isle_minmay, general_overflow_altar, lemuel_crystal_altar,
          mainiacjoe_overflow_tiny_flanked, uniq_terence, uniq_grinder,
          uniq_jessica, uniq_sigmund
D:4:      layout_cave_pools
D:5:      layout_loops_ring, mainiacjoe_overflow_24_doors, minivault_24,
          minmay_crystal_room, kennysheep_small_circle, uniq_menkaure

Skill      XL: |  1  2  3  4  5  6  7  8 |
---------------+-------------------------+-----
Ranged Weapons | 3 5 7 8 |  8.2
Fighting       | 2 4 |  4.5
Armour         | 2 |  2.0
Dodging        | 2 |  2.4
Spellcasting   | |  1.0
Hexes          | |  2.6

Action                     |  1- 3 |  4- 6 |  7- 9 || total
---------------------------+-------+-------+-------++-------
   Fire: Sling             |    94 |    91 |   172 ||   357
    Use: Scroll            |     6 |       |     3 ||     9
         Potion            |     1 |     1 |       ||     2
 Armour: Robe              |     2 |       |       ||     2
         Ring mail         |     1 |    49 |    51 ||   101
  Dodge: Dodged            |    14 |    42 |    87 ||   143

Table legend:
 A = Non-vault XP
 B = Vault XP
 C = Vault XP percentage of total XP
 D = Non-vault monster count
 E = Vault monster count
 F = Vault count percentage of total count
                 A         B        C        D         E       F
            +---------+---------+-------+---------+---------+-------
      Total |     953 |     619 |  39.4 |      78 |       5 |   6.0
            +---------+---------+-------+---------+---------+-------
        D:1 |      35 |       0 |   0.0 |      21 |       0 |   0.0
        D:2 |      37 |     277 |  88.2 |      15 |       1 |   6.2
        D:3 |     120 |     342 |  74.0 |      21 |       4 |  16.0
        D:4 |     645 |       0 |   0.0 |      19 |       0 |   0.0
        D:5 |     116 |       0 |   0.0 |       2 |       0 |   0.0
            +---------+---------+-------+---------+---------+-------
